 Dungeon Crawl Stone Soup version 0.24-a0-381-g637bb38 (webtiles) character file.

Game seed: 11736918535760968361

538 AlmondAAA the Conjurer (level 7, -10/50 HPs)
             Began as a Demonspawn Conjurer on June 4, 2019.
             Was a Follower of Uskayaw.
             Killed from afar by Ijyb (12 damage)
             ... with a bolt of acid
             ... on level 5 of the Dungeon.
             The game lasted 00:13:59 (4892 turns).

AlmondAAA the Conjurer (Demonspawn Conjurer)        Turns: 4892, Time: 00:14:00

Health: -10/50     AC:  3    Str: 13    XL:     7   Next: 5%
Magic:  6/11       EV: 13    Int: 16    God:    Uskayaw [*.....]
Gold:   191        SH:  0    Dex: 18    Spells: 2/12 levels left

rFire    . . .     SeeInvis .   o - +3 dagger (drain)
rCold    . . .     Gourm    .   (no shield)
rNeg     . . .     Faith    +   a - +0 robe
rPois    +         Spirit   .   (no helmet)
rElec    .         Reflect  .   y - +0 cloak {rPois}
rCorr    .         Harm     .   (no gloves)
MR       .....                  (no boots)
Stlth    ++++......             v - amulet of faith
HPRegen  0.16/turn              e - ring of flight
MPRegen  0.12/turn              q - +3 ring of strength

@: no status effects
A: thin skeletal structure 2, demonic guardian 1
a: Stomp, Renounce Religion, Evoke Flight


You were on level 5 of the Dungeon.
You worshipped Uskayaw.
Uskayaw was noncommittal.
You were hungry.

You visited 2 branches of the dungeon, and saw 6 of its levels.

You collected 191 gold pieces.

Inventory:

Hand Weapons
 g - a +0 short sword
 k - a +1 short sword of electrocution
 o - a +3 dagger of draining (weapon)
Missiles
 h - 87 stones
 u - 14 poisoned darts (quivered)
Armour
 a - a +0 robe (worn)
 x - a scarf of resistance
 y - a +0 cloak of poison resistance (worn)
Magical Staves
 r - an uncursed staff of death
Jewellery
 e - a ring of flight (left hand)
 q - a +3 ring of strength (right hand)
 v - an amulet of faith (around neck)
Wands
 t - a wand of clouds (7)
Scrolls
 f - 2 scrolls of identify {unknown}
 i - 5 scrolls of remove curse
 m - a scroll of amnesia {unknown}
 n - 2 scrolls of enchant weapon
 p - 2 scrolls of magic mapping {unknown}
 s - a scroll of teleportation {unknown}
 B - a scroll of fear {unknown}
Potions
 b - a potion of curing {unknown}
 d - a potion of invisibility {unknown}
 j - a potion of agility
 l - a potion of degeneration
 w - a potion of might {unknown}
 z - 2 potions of lignification {unknown}
 A - a potion of berserk rage {unknown}
Comestibles
 c - 10 rations
 C - a chunk of flesh


   Skills:
 - Level 2.2 Fighting
 - Level 2.0 Dodging
 - Level 3.1 Stealth
 - Level 3.0 Spellcasting
 + Level 6.6 Conjurations
 - Level 2.2 Hexes


You had 2 spell levels left.
You knew the following spells:

 Your Spells              Type           Power        Failure   Level  Hunger
a - Magic Dart            Conj           ###.         1%          1    #......
b - Searing Ray           Conj           ###...       1%          2    ##.....
c - Dazzling Spray        Conj/Hex       ###...       9%          3    ###....
d - Fulminant Prism       Conj/Hex       ###.......   30%         4    #####..

Your spell library contained the following spells:

 Spells                   Type           Power        Failure   Level  Hunger
 Iskenderun's Mystic Bla  Conj           ###.....     12%         4    #####..
 Force Lance              Conj/Tloc      ##......     43%         4    #####..


Dungeon Overview and Level Annotations

Branches:
Dungeon (5/15)             Temple (1/1) D:4

Altars:
Ashenzari
Cheibriados
Dithmenos
Elyvilon
Fedhas
Gozag
Hepliaklqana
Makhleb
Nemelex Xobeh
Okawaru
Qazlal
Ru
Sif Muna
Trog
Uskayaw
Vehumet
Wu Jian
Xom
Yredelemnul
Zin
The Shining One

Annotations:
D:5 exclusion: centaur, Ijyb


Innate Abilities, Weirdness & Mutations

You have a moderately thin skeletal structure. (Dex +4, Stealth+)
A weak demonic guardian rushes to your aid.


Message History

(Press . to maintain the ray.)
Your quasit bites Ijyb but does no damage.
Your quasit claws Ijyb but does no damage. x2
Ijyb zaps a wand.
The bolt of acid hits you!
* * * LOW HITPOINT WARNING * * *
You are splashed with acid!
* * * LOW HITPOINT WARNING * * *
Okay, then.
Okay, then.
Unknown command.
Casting: Searing Ray (safe; 1% risk of failure)
Confirm with . or Enter, or press ? or * to list all spells.
Aiming: Dazzling Spray (safe; 9% risk of failure)
Press: ? - help, Shift-Dir - straight line, f/p - Ijyb
Aim: Ijyb, wearing a +0 scale mail and carrying a wand of acid (7) (lightly wounded)
The spray of energy hits Ijyb.
Ijyb is moderately wounded.
Ijyb is dazzled.
Your quasit bites Ijyb.
Your quasit misses Ijyb.
Your quasit barely misses Ijyb.
Ijyb zaps a wand.
The bolt of acid hits you!
You die...

#...<...# #....##.######
####..# ...# #...# #.##
..##### ##.#.######...
#......### #..........###
#..5####>#........# #
###g##...........)#
#.#####.@..#.#........###
......>..................
#########...##........###
#......(.######
######.####### #......#
#.....## ##########
####.....######.........
........##......########


You could see Ijyb (blind) and a friendly quasit.

Vanquished Creatures
  A phantom (D:4)
  A scorpion (D:4)
  An orc wizard (D:4)
  2 orc priests (D:4)
  A hound (D:5)
  Natasha (thrice) (D:4)
  2 worker ants
  A worker ant zombie (D:5)
  7 adders
  A shadow imp (D:5)
  An ooze (D:4)
  An adder skeleton (D:5)
  2 dart slugs
  A leopard gecko (D:4)
  14 orcs
  A ball python (D:2)
  A giant cockroach (D:5)
  4 hobgoblins
  7 jackals
  8 kobolds
  4 quokkas
  6 bats
  3 frilled lizards
  3 goblins
  8 rats
84 creatures vanquished.

Notes
Turn   | Place    | Note
-------+----------+-------------------------------------------
     0 | D:1      | AlmondAAA the Demonspawn Conjurer began the quest for the
                  | Orb.
     0 | D:1      | Reached XP level 1. HP: 13/13 MP: 3/3
   418 | D:1      | Gained mutation: You have a somewhat thin skeletal
                  | structure. (Dex +2, Stealth) [demonic ancestry]
   418 | D:1      | Reached XP level 2. HP: 19/19 MP: 3/5
   956 | D:2      | Gained mutation: You have a moderately thin skeletal
                  | structure. (Dex +4, Stealth+) [demonic ancestry]
   956 | D:2      | Reached XP level 3. HP: 23/24 MP: 3/6
  1098 | D:2      | Learned a level 2 spell: Searing Ray
  1102 | D:2      | Learned a level 3 spell: Dazzling Spray
  1449 | D:2      | Found a faded altar of an unknown god.
  1718 | D:3      | Reached XP level 4. HP: 30/30 MP: 7/7
  1800 | D:3      | Reached skill level 1 in Hexes
  2474 | D:4      | Noticed a phantom
  2590 | D:4      | Killed a phantom
  2590 | D:4      | Reached skill level 5 in Conjurations
  2590 | D:4      | Reached XP level 5. HP: 14/35 MP: 2/9
  2767 | D:4      | Found a glowing silver altar of Zin.
  2767 | D:4      | Found an iron altar of Okawaru.
  2790 | D:4      | Noticed Natasha
  2795 | D:4      | Noticed an ogre
  3038 | D:4      | Killed Natasha
  3091 | D:4      | Found a staircase to the Ecumenical Temple.
  3108 | Temple   | Entered the Ecumenical Temple
  3254 | Temple   | Became a worshipper of Uskayaw the Reveler
  3331 | D:4      | Reached * piety under Uskayaw
  3334 | D:4      | Reached ** piety under Uskayaw
  3506 | D:4      | Reached skill level 1 in Fighting
  3506 | D:4      | Reached XP level 6. HP: 34/43 MP: 6/10
  3722 | D:4      | Reached *** piety under Uskayaw
  3811 | D:4      | Found a shattered altar of Ashenzari.
  4072 | D:4      | Learned a level 4 spell: Fulminant Prism
  4227 | D:4      | Noticed Natasha
  4236 | D:4      | Killed Natasha
  4236 | D:4      | Reached skill level 6 in Conjurations
  4320 | D:4      | Noticed Natasha
  4331 | D:4      | Killed Natasha
  4680 | D:5      | Entered Level 5 of the Dungeon
  4741 | D:5      | Reached **** piety under Uskayaw
  4799 | D:5      | Found a sacrificial altar of Ru.
  4805 | D:5      | Gained mutation: A weak demonic guardian rushes to your
                  | aid. [demonic ancestry]
  4805 | D:5      | Reached XP level 7. HP: 42/50 MP: 11/11
  4879 | D:5      | Noticed Ijyb
  4891 | D:5      | HP: 2/50 [acid (13)]
  4892 | D:5      | Killed from afar by Ijyb

Levels and vault maps discovered:
D:1:      dpeg_arrival_castle, layout_basic, grunt_decor_one_mirror,
          dk_noncrumbling_4, serial_bayou_pond_e, grunt_decor_clamped
D:2:      layout_loops_ring, chequers_ecumenical_altar_simple, st_stairs_10
D:3:      layout_basic
D:4:      layout_loops_ring, gammafunk_temple_overflow_wave,
          minmay_temple_entry_butterflies, evilmike_ruin_ashenzari, uniq_natasha
D:5:      layout_rooms, nicolae_overflow_crystal_walls,
          nicolae_ru_great_annihilating_truth, first_ration, minivault_25,
          uniq_ijyb
Temple:   regret_index_temple_mists

Skill      XL: |  1  2  3  4  5  6 |
---------------+-------------------+-----
Stealth        | 2 3 |  3.1
Dodging        | 2 |  2.0
Hexes          | 1 2 |  2.2
Conjurations   | 5 6 |  6.6
Spellcasting   | 3 |  3.0
Fighting       | 1 2 |  2.2

Action                   |  1- 3 |  4- 6 |  7- 9 || total
-------------------------+-------+-------+-------++-------
Melee: Unarmed           |     1 |       |       ||     1
       Short sword       |     9 |     7 |       ||    16
       Dagger            |    13 |   148 |    13 ||   174
Throw: Dart              |       |    13 |       ||    13
 Cast: Magic Dart        |    31 |    18 |       ||    49
       Searing Ray       |       |    10 |     1 ||    11
       Dazzling Spray    |       |     1 |     1 ||     2
  Use: Potion            |     2 |     2 |       ||     4
       Scroll            |       |     2 |       ||     2
 Stab: Sleeping          |     5 |     6 |       ||    11
       Paralysed         |       |     3 |     1 ||     4
  Eat: Chunk             |     2 |     8 |       ||    10
       Ration            |       |     1 |       ||     1
Armor: Robe              |     6 |    25 |     2 ||    33
Dodge: Dodged            |    23 |   134 |     6 ||   163

Table legend:
 A = Non-vault XP
 B = Vault XP
 C = Vault XP percentage of total XP
 D = Non-vault monster count
 E = Vault monster count
 F = Vault count percentage of total count
                 A         B        C        D         E       F
            +---------+---------+-------+---------+---------+-------
      Total |     723 |      46 |   6.0 |      76 |       8 |   9.5
            +---------+---------+-------+---------+---------+-------
        D:1 |      18 |       0 |   0.0 |      14 |       0 |   0.0
        D:2 |      51 |       4 |   7.3 |       9 |       3 |  25.0
        D:3 |      62 |       0 |   0.0 |      18 |       0 |   0.0
        D:4 |     481 |      35 |   6.8 |      28 |       1 |   3.4
        D:5 |     111 |       7 |   5.9 |       7 |       4 |  36.4
            +---------+---------+-------+---------+---------+-------
